Workbook
Name _________________________________apu1: [1]INSUMOS!#REF!
Name ________________________________apu1: [1]INSUMOS!#REF!
Name _______________________________apu1: [1]INSUMOS!#REF!
Name ______________________________apu1: [1]INSUMOS!#REF!
Name ____________________________apu1: [1]INSUMOS!#REF!
Name ___________________________apu1: [1]INSUMOS!#REF!
Name __________________________apu1: [1]INSUMOS!#REF!
Name _________________________apu1: [1]INSUMOS!#REF!
Name ________________________apu1: [1]INSUMOS!#REF!
Name _______________________apu1: [1]INSUMOS!#REF!
Name _____________________apu1: [1]INSUMOS!#REF!
Name ____________________apu1: [1]INSUMOS!#REF!
Name ___________________apu1: [1]INSUMOS!#REF!
Name __________________apu1: [1]INSUMOS!#REF!
Name _________________apu1: [1]INSUMOS!#REF!
Name ________________apu1: [1]INSUMOS!#REF!
Name _______________apu1: [1]INSUMOS!#REF!
Name ______________apu1: [1]INSUMOS!#REF!
Name _____________apu1: [1]INSUMOS!#REF!
Name ____________apu1: [1]INSUMOS!#REF!
Name ___________apu1: [1]INSUMOS!#REF!
Name __________apu1: [1]INSUMOS!#REF!
Name _________apu1: [1]INSUMOS!#REF!
Name ________apu1: [1]INSUMOS!#REF!
Name _______apu1: [1]INSUMOS!#REF!
Name ______apu1: [1]INSUMOS!#REF!
Name _____apu1: [1]INSUMOS!#REF!
Name ____apu1: [1]INSUMOS!#REF!
Name ___apu1: [1]INSUMOS!#REF!
Name __apu1: [1]INSUMOS!#REF!
Name _42C: #REF!
Name _42D: #REF!
Name _42E: #REF!
Name _44: #REF!
Name _56790398773: #REF!
Name _6: #REF!
Name _a1: [1]INSUMOS!#REF!
Name _apu1: [1]INSUMOS!#REF!
Name _EST1: #REF!
Name _EST10: #REF!
Name _EST11: #REF!
Name _EST12: #REF!
Name _EST13: #REF!
Name _EST14: #REF!
Name _EST15: #REF!
Name _EST16: #REF!
Name _EST17: #REF!
Name _EST18: #REF!
Name _EST19: #REF!
Name _EST2: #REF!
Name _EST3: #REF!
Name _EST4: #REF!
Name _EST5: #REF!
Name _EST6: #REF!
Name _EST7: #REF!
Name _EST8: #REF!
Name _EST9: #REF!
Name _EXC1: #REF!
Name _EXC10: #REF!
Name _EXC11: #REF!

Sheet OFERTA ECONÓMICA
A1: JARDÍN BOTÁNICO DE BOGOTÁ JOSÉ CELESTINO MUTIS
A2: 178-05-8100-REALIZAR LA INTERVENTORIA TECNICA, ADMINISTRATIVA, FINANCIERA Y JURIDICA DEL SIGUIENTE OBJETO "CONTRATAR EL MANTENIMIENTO, ADECUACIÓN, REPARACIÓN, Y RECUPERACION DE LAS CUBIERTAS DEL JARDÍN BOTÁNICO JOSÉ CELESTINO MUTIS"
A4: CÁLCULO INTERVENTORIA
A5: PROYECTO | D5: CUBIERTAS
A6: TIEMPO TOTAL EN MESES | G6: MESES | H6: 3.5
A9: COSTOS DE PERSONAL PROFESIONAL | D9: A | E9: B | F9: C | G9: D | H9: J
D10: REMUNERACION MENSUAL | E10: CANTIDAD DE PERSONAS | F10: % DE DEDICACION | G10: Tiempo Total en meses | H10: VALOR TOTAL (A*B*C*D)
A11: CARGO / OFICIO (1)
A12: ETAPA DE APROPIACIÓN DE DISEÑOS, PRECONSTRUCCIÓN, LOGISTICA, CONSTRUCCIÓN Y LIQUIDACIÓN
A13: Director de Interventoría | C13: Título profesional de ingeniero civil o arquitecto con titulo de postgrado en gerencia de obra o gerencia de proyectos o afines. Experiencia general de seis (6) años contados a partir de la expedición de la tarjeta profesional. Experiencia especifica certificada de dos (02) años como Director de Interventoría en contratos de construcción o adecuación de edificaciones. | E13: 1 | F13: 0.15 | G13: =$H$6 -> 3.5 | H13: =ROUND((D13*E13*F13*G13),0) -> 0
A14: Residente Interventoría | C14: Título profesional de ingeniero civil o arquitecto. Experiencia general de tres (3) años contados a partir de la expedición de la tarjeta profesional. Experiencia especifica certificada de dos (02) años como residente de Interventoría en contratos de obra cuyo objeto esté relacionado con la construcción o adecuación o intervención o mantenimiento de cubiertas. Deberá aportar el curso de alturas vigente. | E14: 1 | F14: 1 | G14: 3 | H14: =ROUND((D14*E14*F14*G14),0) -> 0
A15: Profesional SISOMA | C15: Título profesional de ingeniero ambiental con titulo de postgrado en SST (Seguridad y Salud en el trabajo), o afines, con licencia vigente. Experiencia general de tres (03) años contados a partir de la expedición de la tarjeta profesional. Experiencia especifica certificada de dos (02) años como residente SISOMA de interventoría (Seguridad Industrial, Seguridad Ocupacional y Medio Ambiente o afines) de obras civiles. | E15: 1 | F15: 1 | G15: 3 | H15: =ROUND((D15*E15*F15*G15),0) -> 0
A16: Auxiliar administrativo | C16: Título de Bachiller en cualquier modalidad. Experiencia general: de dos (2) años contados a partir de la fecha del grado. Experiencia especifica certificada de un (01) año como Auxiliar Administrativo. | E16: 1 | F16: 0.5 | G16: =$H$6 -> 3.5 | H16: =ROUND((D16*E16*F16*G16),0) -> 0
A17: Secretaria/o | C17: Título de Técnico Laboral en Secretariado. Experiencia general de un (03) años contados a partir de la fecha de grado. Experiencia especifica certificada de un (01) año como Secretaria/o. | E17: 1 | F17: 0.1 | G17: 3 | H17: =ROUND((D17*E17*F17*G17),0) -> 0
A18: Abogado | C18: Título profesional de abogado con titulo de postgrado en contratación estatal o afines. Experiencia general de seis (6) años contados a partir de la expedición de la tarjeta profesional. Experiencia especifica certificada de tres (03) años de ejecución de proyectos del sector público, relacionados con conocimientos especializados en derecho constitucional, derecho y contencioso administrativos, derecho contractual, administrativo, gestión pública y del régimen disciplinario, fiscal y penal en Colombia. | E18: 1 | F18: 0.1 | G18: =$H$6 -> 3.5 | H18: =ROUND((D18*E18*F18*G18),0) -> 0
A19: SUBTOTAL COSTOS DE PERSONAL (1) | H19: =SUM(H13:H18) -> 0
A20: FACTOR MULTIPLICADOR (2)
A21: (1) TOTAL COSTOS PERSONAL ETAPA DE APROPIACIÓN DE DISEÑOS, PRECONSTRUCCIÓN, LOGISTICA, CONSTRUCCIÓN Y LIQUIDACIÓN | H21: =ROUND(H19*H20,0) -> 0
A24: GASTOS LEGALES
A25: 2 | H25: =H21*0.19 -> 0
A26: ( 2 ) TOTAL IVA | H26: =SUM(H25) -> 0
A28: COSTO = (1) + (2) = (3) | H28: =ROUND(H21+H26,0) -> 0
A29: (3) COSTO TOTAL INTERVENTORIA | H29: =H28 -> 0
A31: TOTAL COSTOS INTERVENTORIA | H31: =H29 -> 0
A32: NOTA 1: El proponente debe diligenciar el presente formato, el cual deberá presentarlo en pesos colombianos y con el ofrecimiento economico se entiende incluida las condiciones contractuales. NOTA 2: El proponente sólo podrá modificar los campos resaltados en color como se indica:
B33: VALOR REMUNERACIÓN MENSUAL
B34: FACTOR MULTIPLICADOR
A35: Firma: ___________________ Nombre o Razón Social del Proponente: ________________ NIT: _________________ Nombre del Representante Legal: ______________________ Documento de Identidad N.º ____________ de ___________ Dirección: _________________________________________ Teléfonos: ______________________________ Ciudad: ________________________________ Correo electrónico: _______________________

Sheet FM
B2: CALCULO DE PRESTACIONES:
B4: Salario
B5: Salario | C5: 1
B6: Total: | C6: =+C5 -> 1
B7: Prestaciones Legales
B8: Cesantías | C8: 0.0833
B9: Intereses sobre cesantías | C9: 0.01
B10: Vacaciones anuales | C10: 0.0417
B11: Primas anuales | C11: 0.0833
B12: Total: | C12: =+C8+C9+C10+C11 -> 0.2183
B13: Aportes Patronales
B14: Caja de compensación | C14: 0.04
B15: Aportes SENA | C15: 0.02
B16: ICBF | C16: 0.03
B17: Salud, Pensión, ARL | C17: =12%+8.5%+6.96% -> 0.2746
B18: Total: | C18: =+C17+C16+C15+C14 -> 0.3646
B20: Total | C20: =+C6+C12+C18 -> 1.5829 | D20: Mayor a 2 SMMLV
B23: CALCULO DE PRESTACIONES:
B25: Salario
B26: Salario | C26: 1
B27: Total: | C27: =+C26 -> 1
B28: Prestaciones Legales
B29: Cesantías | C29: 0.0833
B30: Intereses sobre cesantías | C30: 0.01
B31: Vacaciones anuales | C31: 0.0417
B32: Primas anuales | C32: 0.0833
B33: Transporte | C33: 0.06
B34: Total: | C34: =+C29+C30+C31+C32+C33 -> 0.2783
B35: Aportes Patronales | E35: =162000/(1300000*2) -> 0.062307692
B36: Caja de compensación | C36: 0.04
B37: Aportes SENA | C37: 0.02
B38: ICBF | C38: 0.03
B39: Salud, Pensión, ARL | C39: =12%+8.5%+6.96% -> 0.2746
B40: Total: | C40: =+C39+C38+C37+C36 -> 0.3646
B42: Total | C42: =+C27+C34+C40 -> 1.6429 | D42: Menor a 2 SMMLV

Sheet AIU
A1: DESGLOSE DE ADMINISTRACIÓN
A3: Adecuación SUBSEDE
B6: COSTO DIRECTO ESTIMADO DE OBRA (CD) | F6: ='[21]OFERTA ECONÓMICA'!G169 -> #REF!
B7: ADMINISTRACIÓN (A) | E7: =+ROUND(I88/F6,4) -> #REF! | F7: =+E7*F6 -> #REF!
B8: IMPREVISTOS (I) | E8: 0.01 | F8: =+ROUND(F6*E8,0) -> #REF!
B9: UTILIDADES (U) | E9: 0.03 | F9: =+ROUND(F6*E9,0) -> #REF!
B10: IVA SOBRE UTILIDAD (U) | E10: 0.19 | F10: =+ROUND(F9*E10,0) -> #REF!
B12: TOTAL ETAPA DE CONSTRUCCIÓN INCLUIDO AIU E IVA SOBRE LA UTILIDAD | F12: =ROUND(SUM(F6:F11),0) -> #REF!
B14: TERMINO ESTIMADO DE EJECUCIÓN DEL CONTRATO | E14: 3.5 | F14: MESES
A16: A. ADMINISTRACIÓN
A18: 1. COSTOS DE PERSONAL (Según Necesidad)
A19: # | B19: CARGO | C19: CANT. | D19: UND | E19: TIEMPO (MES) A | F19: DEDICACIÓN MES | G19: ASIGNACIÓN BÁSICA | H19: FACTOR PRESTACIONAL | I19: SALARIO MÁS PRESTACIONES
F20: B | G20: C | H20: D | I20: E = A * B * C * D
A21: 1.1 PERSONAL REQUERIDO PROFESIONAL.
A22: 1,1,1 | B22: DIRECTOR DE OBRA | C22: 1 | E22: =+$E$14 -> 3.5 | F22: 0.1 | G22: =+#REF! -> #REF! | H22: =+FM!C20 -> 1.5829 | I22: =+C22*E22*F22*G22*H22 -> #REF!
A23: 1,1,2 | B23: RESIDENTE DE OBRA | C23: 1 | E23: =+$E$14 -> 3.5 | F23: 1 | G23: =+#REF! -> #REF! | H23: =+FM!C20 -> 1.5829 | I23: =+C23*E23*F23*G23*H23 -> #REF!
A24: 1,1,3 | B24: ING. ESTRUCTURAL | C24: 0 | F24: 0.1 | G24: =+#REF! -> #REF! | H24: =+FM!C20 -> 1.5829 | I24: =+C24*E24*F24*G24*H24 -> #REF!
A25: 1,1,4 | B25: ING. ELÉCTRICO | C25: 1 | E25: =+$E$14 -> 3.5 | F25: 0.1 | G25: =#REF! -> #REF! | H25: =+FM!C20 -> 1.5829 | I25: =+C25*E25*F25*G25*H25 -> #REF!
A26: 1,1,5 | B26: ING. SANITARIO | C26: 1 | E26: =+$E$14 -> 3.5 | F26: 0.1 | G26: =#REF! -> #REF! | H26: =+FM!C20 -> 1.5829 | I26: =+C26*E26*F26*G26*H26 -> #REF!
A27: 1,1,6 | B27: SISOMA | C27: 0 | F27: 1 | G27: =+#REF! -> #REF! | H27: =+FM!C20 -> 1.5829 | I27: =+C27*E27*F27*G27*H27 -> #REF!
A28: 1,1,7 | B28: DISEÑADOR ESTRUCTURAL (ETAPA APROPIACIÓN DE DISEÑOS) | C28: 0 | G28: =+#REF! -> #REF! | H28: =+FM!C20 -> 1.5829 | I28: =+C28*E28*F28*G28*H28 -> #REF!
A29: 1,1,8 | B29: ING. ELÉCTRICO (ETAPA APROPIACIÓN DE DISEÑOS) | C29: 0 | G29: =+#REF! -> #REF! | H29: =+FM!C20 -> 1.5829 | I29: =+C29*E29*F29*G29*H29 -> #REF!
A30: 1.2 PERSONAL TÉCNICO Y PERSONAL AUXILIAR TÉCNICO (Según Necesidad)
A31: 1,2,1 | B31: TÉCNICO O TECNÓLOGO SST | C31: 1 | E31: =+$E$14 -> 3.5 | F31: 1 | G31: =#REF! -> #REF! | H31: =+FM!C20 -> 1.5829 | I31: =+C31*E31*F31*G31*H31 -> #REF!
A32: 1,2,2 | B32: MAESTRO DE OBRA O CARPINTERO GENERAL | C32: 0 | E32: =+$E$14 -> 3.5 | F32: 1 | G32: =+#REF! -> #REF! | H32: =+FM!C20 -> 1.5829 | I32: =+C32*E32*F32*G32*H32 -> #REF!
A33: 1.3 PERSONAL ADMINISTRATIVO (Según Necesidad)
A34: 1,3,1 | B34: GERENCIA | C34: 0 | E34: =+E14 -> 3.5 | F34: 1 | G34: =+#REF! -> #REF! | H34: =+FM!C42 -> 1.6429 | I34: =+C34*E34*F34*G34*H34 -> #REF!
A35: 1,3,2 | B35: AUXILIAR ADMINISTRATIVO-ALMACENISTA | C35: 0 | E35: =+E14 -> 3.5 | F35: 1 | G35: =+#REF! -> #REF! | H35: =+FM!C42 -> 1.6429 | I35: =+C35*E35*F35*G35*H35 -> #REF!
A36: 1,3,3 | B36: SECRETARIA | C36: 0 | E36: =+E14 -> 3.5 | F36: 1 | G36: =+#REF! -> #REF! | H36: =+FM!C42 -> 1.6429 | I36: =+C36*E36*F36*G36*H36 -> #REF!
A37: 1,3,4 | B37: CONTADOR | C37: 0 | E37: =+E14 -> 3.5 | F37: 0.5 | G37: =+#REF! -> #REF! | H37: =+FM!C20 -> 1.5829 | I37: =+C37*E37*F37*G37*H37 -> #REF!
A38: 1,3,5 | B38: VIGILANTE | C38: 0 | E38: =+E14 -> 3.5 | F38: 1 | G38: =+#REF! -> #REF! | H38: =+FM!C20 -> 1.5829 | I38: =+C38*E38*F38*G38*H38 -> #REF!
A39: SUBTOTAL COSTOS DE PERSONAL (1) | I39: =SUM(I22:I38) -> #REF!
A40: 1
A41: 2. GASTOS OPERACIONALES (Según Necesidad)
A42: 2.1 ADMINISTRATIVO
A43: 2.1.1 | B43: ARRENDAMIENTO OFICINA - CAMPAMENTO | C43: 1 | D43: MES | G43: 6500000 | I43: =+C43*E43*G43 -> 0
A44: 2.1.2 | B44: PLAN CORPORATIVO DE COMUNICACIONES | D44: MES | E44: =+E14 -> 3.5 | G44: 120000 | I44: =+C44*E44*G44 -> 0
A45: 2.1.3 | B45: PAPELERÍA E IMPRESIONES | C45: 1 | D45: MES | E45: =+E14 -> 3.5 | G45: 200000 | I45: =+C45*E45*G45 -> 700000
A46: 2.1.4 | B46: INFORMES MENSUALES Y PLANOS RECORD | C46: 1 | D46: MES | E46: =+E14 -> 3.5 | G46: 200000 | I46: =+C46*E46*G46 -> 700000
A47: 2.1.5 | B47: ALQUILER DE EQUIPOS DE COMPUTO | C47: 1 | D47: MES | E47: =+E14 -> 3.5 | G47: 300000 | I47: =+C47*E47*G47 -> 1050000
A48: 2.2 COMPONENTES AMBIENTAL, SOCIAL Y SST
A49: 2.2.1 | D49: MES | I49: =+C49*E49*G49 -> 0
A50: 2.2.2 | B50: Kit Canecas Cilíndricas x 3 unidades | C50: 1 | D50: Un | G50: 160900 | I50: =+C50*G50 -> 160900
A51: 2.2.3 | B51: Botiquín primeros auxilios tipo b | C51: 1 | D51: Un | G51: 310900 | I51: =+C51*G51 -> 310900
A52: 2.2.4 | B52: Camilla de emergencia | C52: 1 | D52: Un | G52: 319900 | I52: =+C52*G52 -> 319900
A53: 2.2.5 | B53: Extintor Multipropósito 10lb | C53: 1 | D53: Un | G53: 93900 | I53: =+C53*G53 -> 93900
A54: 2.2.6 | B54: Señalización de obra | C54: 3 | D54: Un | G54: 249000 | I54: =+C54*G54 -> 747000
A55: 2.2.7 | B55: Empaque de residuos y escombros (solo en caso de no contemplarlo en los apu´s o residuos especiales). | C55: 50 | D55: Un | G55: 1600 | I55: =+C55*G55 -> 80000
A56: 2.2.8 | B56: Capacitaciones | C56: 1 | D56: MES | E56: =+E14 -> 3.5 | G56: 300000 | I56: =+C56*E56*G56 -> 1050000
A57: 2.2.9 | B57: Elementos de seguridad (Cascos, botas, guantes, etc.) | C57: 1 | D57: Un | E57: 1 | G57: 300000 | I57: =+C57*E57*G57 -> 300000
A58: 2.3 EQUIPOS Y OTROS
A59: 2.3.1 | B59: Pruebas y Ensayos | D59: MES | G59: 1000000 | I59: =+C59*G59 -> 0
A60: 2.3.2 | B60: Generador eléctrico alquiler (En proyectos especiales) | C60: 1 | D60: MES | G60: =5569200 -> 5569200 | I60: =+C60*E60*G60 -> 0
A61: 2.4 Desplazamientos y comisiones
A62: 2.3.1 | B62: Costos de transporte | C62: 4 | D62: viaje | E62: 2 | G62: 250000 | I62: =+C62*E62*G62 -> 2000000
A63: 2.3.2 | D63: día | I63: =+C63*E63*G63 -> 0
A64: 2.3.2 | D64: día | I64: =+C64*E64*G64 -> 0
A66: SUBTOTAL GASTOS OPERACIONALES MENSUALES (2) | I66: =SUM(I43:I64) -> 7512600
A67: 3. IMPUESTOS Y GARANTÍAS
A68: 3.1 IMPUESTOS Y CONTRIBUCIONES (Según área protegida)
A69: 3,1,1 | B69: FONSECON | G69: =+F6+I39+F8+F9+I66 -> #REF! | H69: 0.05 | I69: =+ROUND(G69*H69,0) -> #REF!
A70: 3,1,2 | B70: PROUNAL | G70: =+F6+I39+F8+F9+I66 -> #REF! | H70: 0.005 | I70: =+ROUND(G70*H70,0) -> #REF!
A71: 3,1,3 | B71: PRO-UCEVA | G71: =+F6+I39+F8+F9+I66 -> #REF! | H71: 0.005 | I71: =+ROUND(G71*H71,0) -> #REF!
A72: 3,1,4 | B72: PRO-UNIPACIFICO | G72: =+F6+I39+F8+F9+I66 -> #REF! | H72: 0.005 | I72: =+ROUND(G72*H72,0) -> #REF!
A73: 3,1,5 | B73: RETEFUENTE | G73: =+F6+I39+F8+F9+I66 -> #REF! | H73: 0.02 | I73: =+ROUND(G73*H73,0) -> #REF!
A74: 3,1,6 | B74: RETEICA | G74: =+F6+I39+F8+F9+I66 -> #REF! | H74: 0.01 | I74: =+ROUND(G74*H74,0) -> #REF!
A75: SUBTOTAL IMPUESTOS | I75: =SUM(I69:I74) -> #REF! | K75: =F12 -> #REF!
A76: 3.2 GARANTIAS (Según contratación)
A77: DESCRIPCIÓN | C77: VR. BASE | D77: % ASEGURADO | E77: SUMA ASEGURADA | F77: VIGENCIA AMPARO (MESES) | G77: VALOR | H77: TASA ASEGURADORA por año | I77: VALOR ($)
A78: G.UNICA | B78: CUMPLIMIENTO | C78: =+$K$78 -> 361519989 | D78: 0.1 | E78: =+C78*D78 -> 36151999 | F78: =E14*30+6*30 -> 285 | G78: =+(E78*H78)/365*F78 -> 84684.819 | H78: 0.003 | I78: =SUM(G78:G81) -> 1487184.3 | K78: 361519989 | L78: Copiar y pegar como valor el costo de la celda F11, hasta que sean iguales.
B79: SALARIOS Y PRESTACIONES SOCIALES | C79: =+$K$78 -> 361519989 | D79: 0.05 | E79: =+C79*D79 -> 18075999 | F79: =3*365+E14*30 -> 1200 | G79: =+(E79*H79)/365*F79 -> 148569.86 | H79: 0.0025
B80: ESTABILIDAD Y CALIDAD DE OBRA | C80: =+$K$78 -> 361519989 | D80: 0.2 | E80: =+C80*D80 -> 72303998 | F80: =5*365+E13*30 -> 1825 | G80: =+(E80*H80)/365*F80 -> 1084560 | H80: 0.003
B81: BUEN MANEJO Y CORRECTA INVERSIÓN DEL ANTICIPIO | C81: =(+$K$78)*20% -> 72303998 | D81: 1 | E81: =+C81*D81 -> 72303998 | F81: =E14*30+6*30 -> 285 | G81: =+(E81*H81)/365*F81 -> 169369.64 | H81: 0.003
A82: R.C.E. | B82: PREDIOS, LABORES Y OPERACIONES - VIGENCIA (200 SMMLV) | C82: =1300000*200 -> 260000000 | D82: 1 | E82: =+C82*D82 -> 260000000 | F82: =E14*30 -> 105 | G82: =+(E82*H82)/365*F82 -> 224383.56 | H82: 0.003 | I82: =+G82 -> 224383.56
A84: SUBTOTAL GARANTÍAS | I84: =SUM(I78:I82) -> 1711567.8
A86: TOTAL IMPUESTOS Y GARANTÍAS (3) | I86: =+I75+I84 -> #REF!
A88: TOTAL ADMINISTRACIÓN | I88: =+I39+I66+I86 -> #REF!

Sheet TRANSPORTE
B1: TRANSPORTE - TORRE VIGIA (12/12/2020)
B2: DESCRIPCIÓN | C2: UND | D2: VALOR UNIT | E2: VALOR TOTAL/TON | F2: VALOR TOTAL/KG | G2: VALOR TOTAL/KG (2023)
B3: Transporte terrestre Medellin - Barranquilla. Aprox 761 km | C3: TON/KM | D3: 440 | E3: =+D3*761 -> 334840 | F3: =+E3/1000 -> 334.84 | G3: 431.96
B4: Transporte fluvial Barranquilla (Puerto) - El Torno. Aprox 8 km | C4: TON/KM | D4: 15000 | E4: =+D4*8 -> 120000 | F4: =+E4/1000 -> 120 | G4: 154.82
B5: Transporte fluvial El Torno - Barranquilla (Puerto). Aprox 8 km | C5: TON/KM | D5: 15000 | E5: =+D5*8 -> 120000 | F5: =+E5/1000 -> 120 | G5: 154.82
B8: TRANSPORTE SENDERO EL MANGLAR (29/06/2022)
B9: DESCRIPCIÓN | C9: UNIDAD | D9: VLR/UNITARIO | E9: VALOR UNIT (2023)
B10: TRANSPORTE DE MATERIAL (VOLQUETA ACARREO) | C10: VIAJE | D10: 250000 | E10: 274500
B11: TRANSPORTE RIO NEGRO-VIPIS (730 km y 2 tn) | C11: VIAJE | D11: 2233333 | E11: 2452199.6
